 Dungeon Crawl Stone Soup version 0.30-a0-311-gf115ab0292 (webtiles) character file.

Game seed: 1497414829822340420

4533 GenialerGandalf the Cleaver (level 10, -10/88 HPs)
             Began as a Hill Orc Fighter on Oct 23, 2022.
             Was a Priest of Beogh.
             Killed by vampiric draining
             ... invoked by a vampire
              (16 damage)
             ... in a bailey on Oct 25, 2022.
             The game lasted 00:35:26 (9513 turns).

GenialerGandalf the Cleaver (Hill Orc Fighter)      Turns: 9513, Time: 00:35:27

Health: -10/88     AC: 21    Str: 24    XL:     10   Next: 39%
Magic:  13/13      EV:  6    Int:  8    God:    Beogh [***...]
Gold:   428        SH:  0    Dex: 10    Spells: 11/11 levels left

rFire   . . .      SeeInvis .    a - +0 war axe
rCold   . . .      Faith    .    c - +0 buckler
rNeg    . . .      Spirit   .    J - +0 plate armour
rPois   +          Reflect  .    f - +2 helmet
rElec   .          Harm     .    (no cloak)
rCorr   .          Rampage  .    j - +0 pair of gloves
Will    .....                    E - +2 pair of boots
Stlth   ..........               s - amulet of the acrobat
HPRegen 0.34/turn                B - ring of poison resistance
MPRegen 0.13/turn                (no ring)

@: confused
A: no striking features
a: Renounce Religion, Smiting


You were in a bailey.
You worshipped Beogh.
Beogh was most pleased with you.
You visited 2 branches of the dungeon, and saw 10 of its levels.
You also visited: Bailey.

You collected 428 gold pieces.

Inventory:

Hand Weapons
 a - a +0 war axe (weapon)
Missiles
 z - a throwing net (quivered)
Armour
 b - a +0 scale mail
 c - a +0 buckler (worn)
 f - a +2 helmet (worn)
 j - a +0 pair of gloves (worn)
 t - the +3 ring mail of Subjectivity {Regen+}
   (You found it on level 2 of the Dungeon)

   Regen:     It increases your rate of health regeneration.
 E - a +2 pair of boots (worn)
 J - a +0 plate armour (worn)
Jewellery
 s - an amulet of the acrobat (around neck)
 B - a ring of poison resistance (left hand)
Wands
 v - a wand of flame (24)
 w - a wand of iceblast (8)
 y - a wand of paralysis (8)
 I - a wand of acid (9)
Scrolls
 e - 5 scrolls of teleportation
 i - a scroll of blinking {unknown}
 n - 2 scrolls of magic mapping
 o - a scroll of vulnerability
 p - 2 scrolls of enchant weapon {unknown}
 q - 2 scrolls of immolation
 r - a scroll of enchant armour {unknown}
 A - a scroll of amnesia
 C - a scroll of brand weapon {unknown}
 F - 2 scrolls of fear {unknown}
 G - a scroll of poison {unknown}
Potions
 d - 4 potions of might
 g - 2 potions of lignification {unknown}
 h - 2 potions of degeneration {unknown}
 k - 3 potions of invisibility
 l - a potion of attraction
 u - 3 potions of haste
 x - 3 potions of flight
 D - a potion of brilliance {unknown}
 H - a potion of mutation {unknown}


   Skills:
 * Level 7.9 Fighting
 * Level 12.1(12.9) Axes
 - Level 3.8(7.6) Maces & Flails
 - Level 4.2(7.8) Polearms
 - Level 0.3 Throwing
 * Level 7.4 Armour
 - Level 0.4 Stealth
 * Level 5.7 Shields
 * Level 1.2 Spellcasting
 * Level 4.5 Invocations


You had 11 spell levels left.
You didn't know any spells.
Your spell library contained the following spells:

 Spells                   Type           Power      Damage    Failure   Level
 Sandblast                Erth           0%         2d4       100%        1
 Passwall                 Tmut/Erth      0%         N/A       100%        2
 Sublimation of Blood     Necr           0%         N/A       100%        2
 Wereblood                Tmut           0%         N/A       100%        2
 Stone Arrow              Conj/Erth      0%         3d7       100%        3
 Tukima's Dance           Hex            0%         N/A       100%        3
 Anguish                  Hex/Necr       0%         N/A       100%        4
 Passage of Golubria      Tloc           0%         N/A       100%        4
 Yara's Violent Unravell  Hex/Tmut       0%         3d3       100%        5
 Enfeeble                 Hex            0%         N/A       100%        7
 Summon Hydra             Summ           0%         N/A       100%        7


Dungeon Overview and Level Annotations

Branches:
Dungeon (9/15)             Temple (1/1) D:7            Lair (0/5) D:8
 Bailey (1/1)
    Orc: D:9-12

Altars:
Cheibriados
Dithmenos
Elyvilon
Gozag
Hepliaklqana
Kikubaaqudgha
Makhleb
Nemelex Xobeh
Okawaru
Qazlal
Sif Muna
Trog
Uskayaw
Vehumet
Wu Jian
Xom
Yredelemnul
Zin
The Shining One


Message History

You miss something. You slash something! Something hits you.
Something bites you but does no damage.
You closely miss something.
You feel a little less mighty now.
You hear some strange, mumbled words.
Something tries to affect you, but you resist.
You hit something but do no damage. Something hits you.
Something bites you but does no damage.
You miss something. Something hits you! Something bites you but does no damage.
You slash something! Something draws life force from you!
You closely miss something. Something hits you but does no damage.
Something bites you but does no damage.
You closely miss something. Something hits you!
* * * LOW HITPOINT WARNING * * *
Something bites you.
* * * LOW HITPOINT WARNING * * *
Something draws strength from your injuries!
You hit something but do no damage. Something hits you but does no damage.
Something bites you!
* * * LOW HITPOINT WARNING * * *
Something draws strength from your injuries!
You closely miss something. Something hits you but does no damage.
Something bites you.
* * * LOW HITPOINT WARNING * * *
Something draws strength from your injuries!
You miss something.
You feel better. Something hits you!
* * * LOW HITPOINT WARNING * * *
Something bites you but does no damage.
You feel better.
You hear some strange, mumbled words.
You are confused.
You slash something! Something hits you!
* * * LOW HITPOINT WARNING * * *
Something bites you!
* * * LOW HITPOINT WARNING * * *
Something draws strength from your injuries!
You closely miss something. Something draws life force from you!
You die...

##### ##8...######
##!.....##.8###
#.!. #...#..#8..###
#}.# #..'..#......
#[{####..'..#......
#8@.##...#..#......
##[.....##..#....♣.
##8...##...#......
######....##.....
#8......##...♣
#...##)).##...
#..##.)..#....
#..#....##....
#.)#...##.....


There were no monsters in sight!

Vanquished Creatures
  Pikel (D:7)
  A gargoyle (Bailey)
  An unseen horror (D:7)
  A hornet (D:7)
  2 steam dragons (D:8)
  Menkaure (D:5)
  A black bear (D:5)
  2 water moccasins
  2 ice beasts
  4 orc warriors
  2 ogres
  A centaur (D:9)
  A kobold brigand (D:7)
  3 lemures (D:7)
  A phantom (D:7)
  5 bullfrogs
  2 scorpions
  2 necrophages
  5 wights (D:8)
  3 jellies (D:6)
  4 orc priests
  A gnoll bouda (D:5)
  2 iguanas
  8 orc wizards
  9 gnolls (D:5)
  8 adders
  2 shadow imps (D:5)
  2 dart slugs
  34 orcs
  8 ball pythons
  6 endoplasms
  4 giant cockroaches
  9 goblins
  7 hobgoblins
  5 jackals
  4 quokkas
  4 bats
  2 frilled lizards
  9 kobolds
  9 orc zombies (Bailey)
  7 rats
185 creatures vanquished.

Vanquished Creatures (others)
  2 orc wizards
  2 orcs (D:3)
  2 goblins (D:3)
  A rat (D:3)
7 creatures vanquished.

Grand Total: 192 creatures vanquished

Notes
Turn   | Place    | Note
-------+----------+-------------------------------------------
     0 | D:1      | GenialerGandalf the Hill Orc Fighter began the quest for
                  | the Orb.
     0 | D:1      | Reached XP level 1. HP: 19/19 MP: 1/1
     7 | D:1      | Upgraded the game from 0.30-a0-305-g026cb31310 to
                  | 0.30-a0-311-gf115ab0292
    35 | D:1      | Reached XP level 2. HP: 10/27 MP: 2/2
   184 | D:1      | Reached skill level 3 in Axes
   282 | D:1      | Reached XP level 3. HP: 30/33 MP: 3/3
  1093 | D:2      | Identified the +3 ring mail of Subjectivity {Regen+}
  1208 | D:2      | Reached skill level 4 in Axes
  1208 | D:2      | Reached XP level 4. HP: 40/40 MP: 4/4
  2014 | D:3      | Reached skill level 1 in Polearms
  2027 | D:3      | Became a worshipper of Beogh the Brigand
  2813 | D:4      | Noticed a scorpion
  2819 | D:4      | Killed a scorpion
  2820 | D:4      | Reached skill level 5 in Axes
  2820 | D:4      | Reached XP level 5. HP: 46/46 MP: 5/5
  2840 | D:4      | Noticed an ogre
  2850 | D:4      | Killed an ogre
  2851 | D:4      | Reached skill level 1 in Maces & Flails
  2851 | D:4      | Reached XP level 6. HP: 33/52 MP: 6/6
  3420 | D:5      | Entered Level 5 of the Dungeon
  3565 | D:5      | Reached skill level 6 in Axes
  3618 | D:5      | Noticed Menkaure
  3638 | D:5      | Killed Menkaure
  3638 | D:5      | Reached * piety under Beogh
  3639 | D:5      | Reached skill level 5 in Armour
  3639 | D:5      | Reached XP level 7. HP: 36/60 MP: 7/7
  3833 | D:5      | Reached skill level 7 in Axes
  4051 | D:5      | Reached skill level 5 in Fighting
  4102 | D:5      | Reached XP level 8. HP: 68/68 MP: 8/8
  4370 | D:6      | Reached skill level 8 in Axes
  4533 | D:6      | Reached skill level 1 in Invocations
  5308 | D:7      | Reached skill level 9 in Axes
  5316 | D:7      | Reached ** piety under Beogh
  5720 | D:7      | Noticed Pikel
  5759 | D:7      | Killed Pikel
  5760 | D:7      | Reached XP level 9. HP: 20/75 MP: 10/10
  5923 | D:7      | Killed an unseen horror
  5924 | D:7      | Reached skill level 10 in Axes
  5924 | D:7      | Reached skill level 5 in Shields
  6403 | D:7      | Noticed a hornet
  6421 | D:7      | Killed a hornet
  6462 | D:7      | Reached skill level 11 in Axes
  6534 | D:7      | Found a staircase to the Ecumenical Temple.
  6553 | Temple   | Entered the Ecumenical Temple
  8057 | D:8      | Reached XP level 10. HP: 29/84 MP: 11/13
  8728 | D:8      | Found a staircase to the Lair.
  8908 | D:8      | Reached skill level 1 in Spellcasting
  9186 | D:9      | Found a flagged portal.
  9205 | D:9      | Reached *** piety under Beogh
  9262 | Bailey   | Entered a bailey
  9458 | Bailey   | Noticed a gargoyle
  9469 | Bailey   | Killed a gargoyle
  9470 | Bailey   | Reached skill level 12 in Axes
  9493 | Bailey   | Identified the +2 pair of gloves "Wuedeir" {Regen+ Int-5
                  | Dex+7}
  9513 | Bailey   | Killed from afar by a vampire

Illustrated notes

Levels and vault maps discovered:
D:1:      saegor_arrival_simple_a, layout_loops_ring
D:2:      layout_basic
D:3:      layout_loops_cross
D:4:      layout_basic
D:5:      layout_loops_cross, nrook_pool_corridor, uniq_menkaure
D:6:      layout_basic
D:7:      layout_layer_cave, minmay_temple_entry_glassed_door,
          hangedman_decor_opposing, lemuel_flame_loot_1, uniq_pikel
D:8:      layout_basic, lair_entry_dummy
D:9:      layout_basic, gammafunk_temple_overflow_pools, enter_bailey_5,
          minmay_misc_feat_ornament
Temple:   nicolae_temple_bog_church
Bailey:   bailey_polearm_vampire_castle_hellmonk, bailey

Skill      XL: |  1  2  3  4  5  6  7  8  9 10 |
---------------+-------------------------------+-----
Axes           | 3 4 5 6 7 9 11 12 | 12.1
Fighting       | 4 5 6 7 |  7.9
Polearms       | 1 2 3 4 |  4.2
Armour         | 4 5 6 7 |  7.4
Maces & Flails | 1 2 3 |  3.8
Shields        | 4 5 |  5.7
Invocations    | 2 4 |  4.5
Spellcasting   | 1 |  1.2
Throwing       | |  0.3
Stealth        | |  0.4

Action                   |  1- 3 |  4- 6 |  7- 9 | 10-12 || total
-------------------------+-------+-------+-------+-------++-------
Melee: War axe           |    95 |   129 |   375 |   144 ||   743
Throw: Throwing net      |       |       |     6 |       ||     6
Invok: Convert to Beogh  |       |     1 |       |       ||     1
  Use: Scroll            |       |     8 |     3 |     1 ||    12
       Potion            |       |       |       |     3 ||     3
Armor: Scale mail        |    54 |       |       |       ||    54
       Ring mail         |     2 |    62 |   315 |       ||   379
       Plate armour      |       |       |    26 |   106 ||   132
Dodge: Dodged            |    47 |    99 |   338 |    63 ||   547
Block: Buckler           |    27 |    31 |    80 |    32 ||   170

Table legend: (Time is in decaauts)
 A = Elapsed time spent in this place.
 B = Non-inter-level travel time spent in this place.
 C = Inter-level travel time spent in this place.
 D = Time resting spent in this place.
 E = Time spent auto-exploring this place.
 F = Levels seen in this place.
 G = Mean time per level.
                   A        B        C        D        E       F      G
               +--------+--------+--------+--------+--------+-----+--------+
         Total |   9596 |   9329 |    267 |    510 |   4560 |  11 |  872.4 |
       Dungeon |   9156 |   8907 |    249 |    446 |   4406 |   9 | 1017.3 |
        Temple |    192 |    174 |     18 |      0 |    154 |   1 |  192.0 |
        Bailey |    247 |    247 |      0 |     64 |      0 |   1 |  247.0 |
               +--------+--------+--------+--------+--------+-----+--------+

Top non-repeatable levels by time:
     D:7: 2415 daAuts
     D:8: 1248 daAuts
     D:4: 1021 daAuts
     D:5: 934 daAuts
     D:6: 920 daAuts
     D:2: 863 daAuts
     D:1: 808 daAuts
     D:3: 782 daAuts
  Bailey: 247 daAuts
  Temple: 192 daAuts
     D:9: 161 daAuts
